[Event "Vienna GM February 2022"]
[Site "Vienna"]
[Date "2022.02.19"]
[Round "3.1"]
[White "Dragnev, Valentin"]
[Black "Nagy, Gabor"]
[Result "1-0"]
[ECO "B46"]
[WhiteElo "2533"]
[BlackElo "2530"]
[Annotator "ChessBase"]
[PlyCount "135"]
[EventDate "2022.02.16"]
[EventType "tourn"]
[EventCountry "AUT"]
[SourceTitle "playchess.com"]
[Source "ChessBase"]
[SourceQuality "1"]
[TimeControl "40/5400+30:1800+30"]

1. e4 c5 2. Nf3 e6 3. d4 cxd4 4. Nxd4 Nc6 5. Nc3 a6 6. Nxc6 bxc6 7. Qf3 d5 8. Qg3 Ne7 9. h4 d4 10. Nb1 c5 11. Na3 Nc6 12. Nc4 f6 13. Bd3 Ra7 14. Bd2 Rf7 15. O-O-O Nb4 16. Kb1 Be7 17. Be2 O-O 18. f4 Kh8 19. a3 Nc6 20. h5 Bd6 21. e5 Bc7 22. Bd3 f5 23. Qh3 Ne7 24. Rhg1 Bb7 25. Be1 Ng8 26. Bh4 Qe8 27. Bg5 Bd5 28. g4 Qc6 29. h6 g6 30. gxf5 exf5 31. b3 a5 32. a4 Rb8 33. Kc1 Qe6 34. Nd2 Ne7 35. Bxe7 Rxe7 36. Bc4 Bd8 37. Bxd5 Qxd5 38. Qg2 Qxg2 39. Rxg2 Kg8 40. Nc4 Kf7 41. Rh1 Bc7 42. Kd2 Ke6 43. Kd3 Rd7 44. Rhg1 Re8 45. Na3 Kd5 46. Nc4 Ke6 47. Rd1 Rb8 48. Ke2 Rbd8 49. Rd3 Rb8 50. Kf3 Rd5 51. Rg1 Rdd8 52. Na3 Rb4 53. Nb5 Bb6 54. Rgd1 Rg8 55. Rg1 Rd8 56. Na3 Bc7 57. Rg2 Bb6 58. Nc4 Bc7 59. Ke2 Rbb8 60. Nd2 Rb4 61. Rgg3 Rd5 62. Nf3 Rd7 63. Ng5+ Kd5 64. c3 Rb8 65. cxd4 c4 66. bxc4+ Kxc4 67. Rc3+ Kxd4 68. Rgd3# 1-0

[Event "Vienna GM February 2022"]
[Site "Vienna"]
[Date "2022.02.19"]
[Round "3.2"]
[White "Kraus, Tomas"]
[Black "Froewis, Georg"]
[Result "1/2-1/2"]
[ECO "D45"]
[WhiteElo "2477"]
[BlackElo "2449"]
[Annotator "ChessBase"]
[PlyCount "156"]
[EventDate "2022.02.16"]
[EventType "tourn"]
[EventCountry "AUT"]
[SourceTitle "playchess.com"]
[Source "ChessBase"]
[SourceQuality "1"]
[TimeControl "40/5400+30:1800+30"]

1. d4 d5 2. c4 e6 3. Nf3 Nf6 4. Nc3 c6 5. e3 Nbd7 6. Be2 Bd6 7. O-O O-O 8. b3 b6 9. Bb2 Bb7 10. Bd3 Qe7 11. Re1 Rad8 12. e4 dxe4 13. Nxe4 Ba3 14. Bc3 Bb4 15. Qc2 Bxc3 16. Nxc3 Qd6 17. Rad1 c5 18. Ng5 h6 19. dxc5 Qxc5 20. Nge4 Bxe4 21. Bxe4 Ne5 22. h3 Qc7 23. Nb5 Qb8 24. g3 a6 25. Nd4 Rd7 26. Rd2 Rfd8 27. Red1 Qd6 28. Bg2 Qb4 29. f4 Ng6 30. Kh2 e5 31. Nc6 Qxd2 32. Rxd2 Rxd2 33. Qf5 R8d6 34. Nxe5 Ne7 35. Qb1 Rd1 36. Qb2 R6d2 37. Qc3 Nf5 38. Qf3 Re1 39. Qa8+ Kh7 40. Nf3 Rxg2+ 41. Kxg2 Re2+ 42. Kg1 Nxg3 43. Ne5 Nfh5 44. Nd3 Rxa2 45. b4 Ne2+ 46. Kf1 Nhg3+ 47. Kf2 Nf5 48. Kf3 Ned4+ 49. Ke4 Re2+ 50. Kd5 Re6 51. c5 bxc5 52. bxc5 Nb5 53. Kc4 Ne3+ 54. Kb3 Nc7 55. Qf8 f6 56. Nb4 Nf5 57. Qc8 Re3+ 58. Ka4 Nd4 59. Nc2 Nxc2 60. Qf5+ Kh8 61. Qxc2 Ne6 62. c6 Nd4 63. Qd2 Re4 64. Qd3 Ne6+ 65. Ka5 Rxf4 66. Qd6 Rf5+ 67. Kxa6 Re5 68. Kb7 Kh7 69. c7 Nxc7 70. Kxc7 Kh8 71. Qd3 Kg8 72. Kd6 Kh8 73. Qg6 Kg8 74. Qg4 Kh8 75. Qc8+ Kh7 76. Qa8 Re1 77. Kd5 Re5+ 78. Kd4 Re7 1/2-1/2

[Event "Vienna GM February 2022"]
[Site "Vienna"]
[Date "2022.02.19"]
[Round "3.3"]
[White "Sahidi, Samir"]
[Black "Baumegger, Siegfried"]
[Result "1/2-1/2"]
[ECO "E51"]
[WhiteElo "2432"]
[BlackElo "2464"]
[Annotator "ChessBase"]
[PlyCount "51"]
[EventDate "2022.02.16"]
[EventType "tourn"]
[EventCountry "AUT"]
[SourceTitle "playchess.com"]
[Source "ChessBase"]
[SourceQuality "1"]
[TimeControl "40/5400+30:1800+30"]

1. d4 Nf6 2. c4 e6 3. Nc3 Bb4 4. e3 O-O 5. Bd2 d5 6. Nf3 b6 7. cxd5 exd5 8. Rc1 Be7 9. Bd3 Bb7 10. O-O c5 11. Ne5 Nc6 12. Be1 Re8 13. Bb5 Qc7 14. f4 a6 15. Bd3 Rad8 16. Kh1 b5 17. a3 Qb6 18. Qf3 cxd4 19. exd4 Na5 20. Bf2 Nc4 21. Rc2 Nd6 22. Rfc1 Nfe4 23. Bg1 f6 24. Ng4 Bf8 25. Ne3 Nxc3 26. Rxc3 1/2-1/2

[Event "Vienna GM February 2022"]
[Site "Vienna"]
[Date "2022.02.19"]
[Round "3.4"]
[White "Baenziger, Fabian"]
[Black "Menezes, Christoph"]
[Result "1/2-1/2"]
[ECO "E05"]
[WhiteElo "2418"]
[BlackElo "2415"]
[Annotator "NA"]
[PlyCount "67"]
[EventDate "2022.02.16"]
[EventType "tourn"]
[EventCountry "AUT"]
[SourceTitle "playchess.com"]
[Source "ChessBase"]
[SourceQuality "1"]
[TimeControl "40/5400+30:1800+30"]

1. d4 Nf6 2. c4 e6 3. Nf3 d5 4. g3 Be7 5. Bg2 O-O 6. O-O dxc4 7. Qc2 a6 8. a4 Bd7 9. Qxc4 Bc6 10. Bg5 Nbd7 11. Nc3 h6 12. Bxf6 Nxf6 13. Rfe1 Bd5 14. Qd3 c5 15. e4 Bb3 16. d5 c4 17. Qe2 Bc5 18. Nd2 $14 exd5 19. Nxb3 cxb3 20. e5 Re8 21. Qf3 d4 22. exf6 Rxe1+ 23. Rxe1 dxc3 24. Qxc3 Bd4 25. Qxb3 Qxf6 26. Re2 Rb8 27. Bd5 b6 28. Kg2 a5 29. Qb5 g6 30. Rd2 Bc5 31. Qd7 Qe7 32. Qc6 Kg7 33. Rd3 Rd8 34. Bc4 1/2-1/2

[Event "Vienna GM February 2022"]
[Site "Vienna"]
[Date "2022.02.19"]
[Round "3.5"]
[White "Horvath, Dominik"]
[Black "Diermair, Andreas"]
[Result "0-1"]
[ECO "C90"]
[WhiteElo "2483"]
[BlackElo "2469"]
[Annotator "ChessBase"]
[PlyCount "172"]
[EventDate "2022.02.16"]
[EventType "tourn"]
[EventCountry "AUT"]
[SourceTitle "playchess.com"]
[Source "ChessBase"]
[SourceQuality "1"]
[TimeControl "40/5400+30:1800+30"]

1. e4 e5 2. Nf3 Nc6 3. Bb5 a6 4. Ba4 Nf6 5. O-O Be7 6. Re1 b5 7. Bb3 d6 8. a4 b4 9. a5 O-O 10. c3 Rb8 11. Bc4 h6 12. d4 bxc3 13. Nxc3 exd4 14. Nxd4 Nxd4 15. Qxd4 Ng4 16. Nd5 Bh4 17. Rf1 c6 18. Nb6 Bf6 19. Qd1 Ne5 20. Be2 Bb7 21. f4 Ng6 22. Bg4 c5 23. Nd7 Bd4+ 24. Kh1 Bxe4 25. Nxb8 Nh4 26. Bf3 Bxf3 27. gxf3 Qxb8 28. Qd3 Qc8 29. Re1 Qc6 30. Ra3 Rb8 31. f5 Qc8 32. Qc2 d5 33. Qd3 Nxf5 34. Rb3 Rxb3 35. Qxb3 Qd8 36. Qd3 Qf6 37. b3 Qg6 38. Qe2 Nh4 39. Bf4 Bc3 40. Rg1 Qf6 41. Bb8 Bd4 42. Rf1 Nf5 43. Bf4 g5 44. Bd2 Qg6 45. Rc1 Qh5 46. Be1 Be3 47. Rc3 d4 48. Rxc5 d3 49. Rc8+ Kh7 50. Qg2 Bf4 51. Qb2 Qxf3+ 52. Qg2 Qxg2+ 53. Kxg2 d2 54. Bxd2 Bxd2 55. Rc6 Bxa5 56. Rxa6 Bd2 57. Rf6 Nh4+ 58. Kf2 Kg7 59. Rb6 Nf5 60. Kf3 h5 61. h3 Bf4 62. b4 Nd6 63. Rc6 Kf8 64. Rc5 Ke7 65. b5 Kd7 66. b6 Nb7 67. Rc2 Bd6 68. Rg2 f6 69. Ke4 Ke6 70. Ra2 f5+ 71. Kf3 g4+ 72. Kg2 f4 73. hxg4 hxg4 74. Ra7 f3+ 75. Kf2 Bc5+ 76. Kg3 f2 77. Kg2 Nd6 78. Rg7 Bxb6 79. Rxg4 Ke5 80. Rb4 Bc5 81. Rb2 Ne4 82. Ra2 Kf4 83. Re2 Bd4 84. Ra2 Ke3 85. Ra8 Ke2 86. Rf8 Nf6 0-1

[Event "Vienna GM February 2022"]
[Site "Vienna"]
[Date "2022.02.20"]
[Round "4.3"]
[White "Baumegger, Siegfried"]
[Black "Baenziger, Fabian"]
[Result "0-1"]
[ECO "B90"]
[WhiteElo "2464"]
[BlackElo "2418"]
[Annotator "ChessBase"]
[PlyCount "94"]
[EventDate "2022.02.16"]
[EventType "tourn"]
[EventCountry "AUT"]
[SourceTitle "playchess.com"]
[Source "ChessBase"]
[SourceQuality "1"]
[TimeControl "40/5400+30:1800+30"]

1. e4 c5 2. Nf3 d6 3. d4 cxd4 4. Nxd4 Nf6 5. Nc3 a6 6. Be3 e5 7. Nf3 Be7 8. Bc4 Be6 9. Bb3 Nbd7 10. O-O Qc7 11. Re1 Rc8 12. Nh4 g6 13. Bh6 Nc5 14. Nf3 Ng4 15. Qd2 Nxh6 16. Qxh6 Bf8 17. Qd2 Be7 18. Qh6 Bf8 19. Qd2 Be7 20. Nd5 Qd8 21. Rad1 O-O 22. c3 Re8 23. Bc2 Bf8 24. Qe3 Nd7 25. Bb3 Nc5 26. h4 Kh8 27. Re2 h6 28. Red2 f5 29. exf5 gxf5 30. g3 Ne4 31. Re2 Nc5 32. Bc2 Bg7 33. h5 f4 34. gxf4 e4 35. Ne1 Bg4 36. b4 Nd7 37. f3 Bxh5 38. Bxe4 Nf6 39. Nxf6 Qxf6 40. Rd3 Rxc3 41. Rh2 Rxd3 42. Qxd3 Bf7 43. Nc2 Qxf4 44. Bxb7 Qg3+ 45. Kh1 Bg6 46. Qd2 Bxc2 47. Rxh6+ Bxh6 0-1

[Event "Vienna GM February 2022"]
[Site "Vienna"]
[Date "2022.02.20"]
[Round "4.4"]
[White "Froewis, Georg"]
[Black "Sahidi, Samir"]
[Result "0-1"]
[ECO "D90"]
[WhiteElo "2449"]
[BlackElo "2432"]
[Annotator "NA"]
[PlyCount "64"]
[EventDate "2022.02.16"]
[EventType "tourn"]
[EventCountry "AUT"]
[SourceTitle "playchess.com"]
[Source "ChessBase"]
[SourceQuality "1"]
[TimeControl "40/5400+30:1800+30"]

1. c4 Nf6 2. Nc3 g6 3. d4 d5 4. Nf3 Bg7 5. h4 c6 6. cxd5 cxd5 7. Bf4 Nc6 8. e3 O-O 9. Be2 Bg4 10. Qb3 Na5 11. Qb4 Rc8 12. O-O e6 13. Rac1 Nh5 14. Bd6 Re8 15. Ne5 Bxe2 16. Nxe2 Nc4 $1 17. Nxc4 dxc4 18. Bh2 Qd5 19. Nc3 Qd7 $11 20. Nb5 Bf8 21. Qa5 Rc6 22. a4 Nf6 23. Qd2 b6 24. Qe2 Rec8 25. Rfd1 Nd5 26. Qf3 a6 27. Nc3 Bg7 28. e4 Nb4 29. d5 exd5 30. Nxd5 Nd3 31. e5 Qe6 32. Nxb6 Rxb6 0-1

[Event "Vienna GM February 2022"]
[Site "Vienna"]
[Date "2022.02.20"]
[Round "4.5"]
[White "Nagy, Gabor"]
[Black "Kraus, Tomas"]
[Result "1/2-1/2"]
[ECO "A11"]
[WhiteElo "2530"]
[BlackElo "2477"]
[Annotator "ChessBase"]
[PlyCount "134"]
[EventDate "2022.02.16"]
[EventType "tourn"]
[EventCountry "AUT"]
[SourceTitle "playchess.com"]
[Source "ChessBase"]
[SourceQuality "1"]
[TimeControl "40/5400+30:1800+30"]

1. c4 c6 2. Nf3 Nf6 3. g3 d5 4. Bg2 dxc4 5. O-O Nbd7 6. Qc2 Nb6 7. Na3 Be6 8. Ne5 h5 9. Naxc4 Nxc4 10. Nxc4 h4 11. d3 hxg3 12. fxg3 Bh3 13. Bxh3 Rxh3 14. e4 Ng4 15. Ne3 Qd4 16. Qe2 Ne5 17. Kg2 Rh7 18. Rd1 g6 19. Nc4 Bg7 20. h4 Rh5 21. Be3 Qd7 22. Nxe5 Rxe5 23. Rac1 Rb5 24. b3 Bd4 25. Bxd4 Qxd4 26. Rc4 Qd7 27. Qe3 a5 28. d4 Qg4 29. Rf1 Qe6 30. Qf3 a4 31. Rf2 axb3 32. axb3 Ra3 33. Ra4 Rxa4 34. bxa4 Rb4 35. Qf4 Rxd4 36. Qb8+ Rd8 37. Qxb7 Qxe4+ 38. Kh2 Kf8 39. Qb3 f6 40. a5 Qe1 41. Qf3 Qxa5 42. Qxc6 Qe5 43. Qc2 Kf7 44. Re2 Qd5 45. Qc1 Qd3 46. Rf2 Rh8 47. Qf4 Qd5 48. Rd2 Qe6 49. Rf2 Rh5 50. Qf3 Qe5 51. Re2 Qd6 52. Qb3+ Kf8 53. Kg1 Rd5 54. Qe3 Qc5 55. Qxc5 Rxc5 56. Kg2 Rc3 57. Re6 Kf7 58. Ra6 Rb3 59. Rc6 Ra3 60. Rb6 Rd3 61. Ra6 Rd6 62. Ra3 Re6 63. Kf3 Re5 64. Ra6 Rf5+ 65. Ke3 Re5+ 66. Kf3 Kg7 67. Ra8 Kf7 1/2-1/2

[Event "Vienna GM February 2022"]
[Site "Vienna"]
[Date "2022.02.24"]
[Round "7.4"]
[White "Menezes, Christoph"]
[Black "Baumegger, Siegfried"]
[Result "1-0"]
[ECO "D85"]
[WhiteElo "2415"]
[BlackElo "2464"]
[Annotator "RC"]
[PlyCount "107"]
[EventDate "2022.02.16"]
[EventType "tourn"]
[EventCountry "AUT"]
[SourceTitle "playchess.com"]
[Source "ChessBase"]
[SourceQuality "1"]
[TimeControl "40/5400+30:1800+30"]

1. d4 Nf6 2. c4 g6 3. Nc3 d5 4. Nf3 Bg7 5. cxd5 Nxd5 6. e4 Nxc3 7. bxc3 c5 8. Be3 Qa5 9. Nd2 Nd7 10. Nb3 Qc7 11. Be2 O-O 12. O-O b6 13. f4 Bb7 14. Bf3 e6 15. e5 Rac8 16. dxc5 Rfd8 17. Qe2 Bf8 18. cxb6 Nxb6 19. Bxb7 Qxb7 20. Bd4 Nd5 21. Qf3 Qc7 22. Rac1 Ba3 23. Rc2 a5 24. Rd2 a4 25. Nc1 Ne7 26. Ne2 h5 27. Ng3 Nc6 28. Ne4 Nxd4 29. cxd4 Bb4 30. Rd3 Qc4 31. d5 Qxa2 32. d6 Qb2 33. Qg3 Rc1 34. Rdd1 Rxd1 35. Rxd1 Qe2 36. Qf3 Qxf3 37. gxf3 a3 38. Ra1 Kf8 39. Kf2 Rc8 40. Ra2 Rc1 41. Ke2 Ke8 42. Kd3 Kd7 43. Rc2 Rxc2 44. Kxc2 f5 45. Nc3 Ba5 46. Ne2 Bb4 47. Nc1 Bxd6 48. exd6 Kxd6 49. Nd3 Kd5 50. h4 Kd4 51. Ne5 Ke3 52. Nxg6 Kxf3 53. Kb3 Ke4 54. Kxa3 1-0

[Event "Vienna GM February 2022"]
[Site "Vienna"]
[Date "2022.02.24"]
[Round "8.2"]
[White "Froewis, Georg"]
[Black "Menezes, Christoph"]
[Result "1/2-1/2"]
[ECO "D90"]
[WhiteElo "2449"]
[BlackElo "2415"]
[Annotator "RC"]
[PlyCount "71"]
[EventDate "2022.02.16"]
[EventType "tourn"]
[EventCountry "AUT"]
[SourceTitle "playchess.com"]
[Source "ChessBase"]
[SourceQuality "1"]
[TimeControl "40/5400+30:1800+30"]

1. Nf3 Nf6 2. c4 g6 3. Nc3 d5 4. d4 Bg7 5. h4 c6 6. cxd5 cxd5 7. Bf4 Nc6 8. e3 O-O 9. Be2 Bg4 10. Qb3 Qd7 11. Ne5 Nxe5 12. dxe5 Ne4 13. f3 Nxc3 14. Qxc3 Be6 15. Qd4 Rfc8 16. O-O Qc7 17. Rfd1 Qc5 18. Rd2 f6 19. Rad1 Kf7 20. Kf2 Rc6 21. h5 g5 22. Bg3 Qxd4 23. exd4 f5 24. Bb5 Rc7 25. Ke2 h6 26. Bd3 Rac8 27. b3 Rc3 28. Be1 Bd7 29. Rb2 R3c7 30. Ba5 b6 31. Bd2 e6 32. Ba6 Rb8 33. Bb4 Bf8 34. Bxf8 Kxf8 35. Bd3 Rbc8 36. Kd2 1/2-1/2

[Event "Vienna GM February 2022"]
[Site "Vienna"]
[Date "2022.02.24"]
[Round "8.4"]
[White "Kraus, Tomas"]
[Black "Horvath, Dominik"]
[Result "0-1"]
[ECO "B22"]
[WhiteElo "2477"]
[BlackElo "2483"]
[Annotator "RC"]
[PlyCount "136"]
[EventDate "2022.02.16"]
[EventType "tourn"]
[EventCountry "AUT"]
[SourceTitle "playchess.com"]
[Source "ChessBase"]
[SourceQuality "1"]
[TimeControl "40/5400+30:1800+30"]

1. e4 c5 2. Nf3 Nc6 3. c3 Nf6 4. e5 Nd5 5. Bc4 Nb6 6. Bb3 c4 7. Bc2 d5 8. exd6 Qxd6 9. O-O Bg4 10. h3 Bh5 11. Re1 O-O-O 12. b3 Qf6 13. Na3 Nd5 14. Nxc4 b5 15. Be4 bxc4 16. Qe2 Ne5 17. g4 Nf4 18. Qe3 Nxf3+ 19. Bxf3 Nxh3+ 20. Kg2 Rd3 21. Qc5+ Kb8 22. Qb5+ Qb6 23. Qxb6+ axb6 24. gxh5 Nf4+ 25. Kg3 Nxh5+ 26. Kg2 Nf4+ 27. Kg3 e6 28. Kxf4 Bd6+ 29. Kg4 h5+ 30. Kh3 Rxf3+ 31. Kg2 Rd3 32. bxc4 Bc5 33. Rh1 g5 34. a4 h4 35. a5 g4 36. Kf1 e5 37. Ke2 Rf3 38. Rh2 h3 39. Ba3 Kb7 40. Bxc5 bxc5 41. Rb1+ Ka7 42. Rb5 Rc8 43. Rb6 e4 44. Rh1 f5 45. Rh6 Rc7 46. Rb1 Rb7 47. Rb5 f4 48. Rxb7+ Kxb7 49. Rh4 e3 50. dxe3 fxe3 51. Rxg4 exf2 52. Kf1 Ka6 53. Rg6+ Kxa5 54. Rc6 Rf5 55. Rh6 Ka4 56. Rxh3 Kb3 57. Rh4 Kxc3 58. Rg4 Kb4 59. Rh4 Rf3 60. Rg4 Rc3 61. Kxf2 Rxc4 62. Rg1 Rc2+ 63. Ke3 Kc3 64. Rb1 c4 65. Rb8 Rh2 66. Rb7 Kc2 67. Ra7 Rh3+ 68. Ke2 c3 0-1

[Event "Vienna GM February 2022"]
[Site "Vienna"]
[Date "2022.02.24"]
[Round "8.5"]
[White "Sahidi, Samir"]
[Black "Baenziger, Fabian"]
[Result "1/2-1/2"]
[ECO "D12"]
[WhiteElo "2432"]
[BlackElo "2418"]
[Annotator "RC"]
[PlyCount "81"]
[EventDate "2022.02.16"]
[EventType "tourn"]
[EventCountry "AUT"]
[SourceTitle "playchess.com"]
[Source "ChessBase"]
[SourceQuality "1"]
[TimeControl "40/5400+30:1800+30"]

1. d4 d5 2. Nf3 Nf6 3. c4 c6 4. e3 Bf5 5. Nc3 e6 6. Bd3 Bxd3 7. Qxd3 Bb4 8. O-O Nbd7 9. Bd2 a5 10. Rfd1 O-O 11. Rab1 Re8 12. a3 Be7 13. Rbc1 Qb6 14. a4 Qa6 15. b3 Ba3 16. Ra1 Bb4 17. Ne2 Bxd2 18. Rxd2 e5 19. dxe5 Nxe5 20. Nxe5 Rxe5 21. h3 Qb6 22. Qd4 Qc7 23. Nc3 Qe7 24. Rad1 dxc4 25. bxc4 h6 26. Rb1 Ne4 27. Nxe4 Rxe4 28. Qd3 Re8 29. Rdb2 Rd8 30. Qc2 Qe6 31. Rc1 Rd7 32. Qc3 Qe5 33. Qxe5 Rxe5 34. Kf1 f5 35. Ke2 Kf7 36. Rd2 Rxd2+ 37. Kxd2 b5 38. cxb5 cxb5 39. Rc7+ Kf6 40. Rc6+ Kf7 41. axb5 1/2-1/2

[Event "Vienna GM February 2022"]
[Site "Vienna"]
[Date "2022.02.25"]
[Round "9.2"]
[White "Horvath, Dominik"]
[Black "Sahidi, Samir"]
[Result "1-0"]
[ECO "C78"]
[WhiteElo "2483"]
[BlackElo "2432"]
[Annotator "ChessBase"]
[PlyCount "107"]
[EventDate "2022.02.16"]
[EventType "tourn"]
[EventCountry "AUT"]
[SourceTitle "playchess.com"]
[Source "ChessBase"]
[SourceQuality "1"]
[TimeControl "40/5400+30:1800+30"]

1. e4 e5 2. Nf3 Nc6 3. Bb5 a6 4. Ba4 Nf6 5. O-O b5 6. Bb3 Bc5 7. a4 Rb8 8. c3 d6 9. d4 Bb6 10. a5 Ba7 11. Be3 Bg4 12. h3 Bxf3 13. gxf3 exd4 14. cxd4 d5 15. Re1 dxe4 16. d5 Bxe3 17. Rxe3 Ne5 18. fxe4 g5 19. Nd2 Rg8 20. Nf3 Nfd7 21. d6 g4 22. Nxe5 Nxe5 23. dxc7 Qxc7 24. Rc1 gxh3+ 25. Rg3 Rxg3+ 26. fxg3 Qa7+ 27. Kh2 Rd8 28. Bd5 Qf2+ 29. Kxh3 Rd6 30. Qh5 Qf6 31. Kg2 h6 32. Rf1 Qg5 33. Bxf7+ Ke7 34. Qxg5+ hxg5 35. Bd5 Rf6 36. Rxf6 Kxf6 37. Kf2 Ke7 38. Ke3 Kd6 39. b4 Kc7 40. Kd4 Nf3+ 41. Kd3 Ne5+ 42. Ke3 Kb8 43. Kd4 Nf3+ 44. Kc5 Kc7 45. Ba8 Nd2 46. e5 Nf1 47. g4 Ne3 48. e6 Kd8 49. Bf3 Ke7 50. Kb6 Nc2 51. Kxa6 Kxe6 52. Kxb5 Kd7 53. a6 Nd4+ 54. Kb6 1-0

[Event "Vienna GM February 2022"]
[Site "Vienna"]
[Date "2022.02.25"]
[Round "9.3"]
[White "Diermair, Andreas"]
[Black "Kraus, Tomas"]
[Result "1/2-1/2"]
[ECO "B08"]
[WhiteElo "2469"]
[BlackElo "2477"]
[Annotator "ChessBase"]
[PlyCount "21"]
[EventDate "2022.02.16"]
[EventType "tourn"]
[EventCountry "AUT"]
[SourceTitle "playchess.com"]
[Source "ChessBase"]
[SourceQuality "1"]
[TimeControl "40/5400+30:1800+30"]

1. e4 d6 2. d4 g6 3. Nc3 Bg7 4. Nf3 Nf6 5. Be2 O-O 6. O-O a6 7. a4 Nc6 8. Bg5 h6 9. Be3 b6 10. h3 Bb7 11. Re1 1/2-1/2

[Event "Vienna GM February 2022"]
[Site "Vienna"]
[Date "2022.02.25"]
[Round "9.5"]
[White "Baumegger, Siegfried"]
[Black "Froewis, Georg"]
[Result "1/2-1/2"]
[ECO "C19"]
[WhiteElo "2464"]
[BlackElo "2449"]
[Annotator "ChessBase"]
[PlyCount "20"]
[EventDate "2022.02.16"]
[EventType "tourn"]
[EventCountry "AUT"]
[SourceTitle "playchess.com"]
[Source "ChessBase"]
[SourceQuality "1"]
[TimeControl "40/5400+30:1800+30"]

1. e4 e6 2. d4 d5 3. Nc3 Bb4 4. e5 c5 5. a3 Bxc3+ 6. bxc3 Ne7 7. a4 Qa5 8. Qd2 Nbc6 9. Nf3 Bd7 10. Bb5 cxd4 1/2-1/2